 Dungeon Crawl Stone Soup version 0.19.3 (webtiles) character file.

894 TryAgain the Sneak (level 7, 0/46 HPs)
             Began as a Vampire Ice Elementalist on Jan 23, 2017.
             Was an Initiate of Vehumet.
             Slain by a hippogriff (4 damage)
             ... on level 7 of the Dungeon.
             The game lasted 00:31:20 (5456 turns).

TryAgain the Sneak (Vampire Ice Elementalist)       Turns: 5456, Time: 00:31:22

Health: 0/46       AC:  4    Str:  7    XL:     7   Next: 78%
Magic:  5/12       EV: 13    Int: 19    God:    Vehumet [......]
Gold:   246        SH:  0    Dex: 15    Spells: 5 memorised, 2 levels left

rFire  . . .     SeeInvis +     r - +1 trident
rCold  . . .     Gourm    .     p - +0 leather armour
rNeg   + . .     Faith    .     (no shield)
rPois  .         Spirit   .     (no helmet)
rElec  .         Reflect  .     (no cloak)
rCorr  .         Harm     .     (no gloves)
MR     .....                    l - +0 pair of boots
Stlth  +++.......               (no amulet)
                                (no ring)
                                (no ring)

@: no status effects
A: fangs 3, see invisible, unbreathing
a: Bat Form, Renounce Religion


You were on level 7 of the Dungeon.
You worshipped Vehumet.
Vehumet was noncommittal.
You were not thirsty.

You visited 1 branch of the dungeon, and saw 7 of its levels.

You collected 246 gold pieces.

Inventory:

Hand Weapons
 m - a +2 shortbow of flaming
 r - a +1 trident (weapon)
 w - the +7 rapier of Gozag's Anger {pierce, *Noise Str+7, unknown}
   (You found it on level 4 of the Dungeon)

   It inflicts extra damage upon your enemies.
   It affects your strength (+7).
   It may make noises in combat.
Missiles
 n - 65 arrows
Armour
 a - a +0 robe
 l - a +0 pair of boots (worn)
 p - a +0 leather armour (worn)
 q - a +2 shield of protection
Wands
 o - a wand of confusion (16/48)
 t - a wand of iceblast (12/15)
Scrolls
 g - 4 scrolls of remove curse
 j - 3 scrolls of recharging
Potions
 d - a potion of flight
 e - a potion of cancellation
 f - a potion of cure mutation
 h - a potion of brilliance
 i - a potion of haste
 s - 2 potions of magic
 u - a potion of invisibility {unknown}
Books
 b - a book of Frost

   Spells                             Type                      Level
   a - Freeze                         Ice                          1
   b - Throw Frost                    Conjuration/Ice              2
   c - Ozocubu's Armour               Charms/Ice                   3
   d - Throw Icicle                   Conjuration/Ice              4
   e - Summon Ice Beast               Ice/Summoning                4
 v - a book of Air

   Spells                             Type                      Level
   a - Shock                          Conjuration/Air              1
   b - Swiftness                      Charms/Air                   2
   c - Repel Missiles                 Charms/Air                   2
   d - Static Discharge               Conjuration/Air              3
   e - Lightning Bolt                 Conjuration/Air              5


   Skills:
 + Level 4.4 Dodging
 + Level 7.2 Stealth
 + Level 3.9 Spellcasting
 - Level 0.6 Conjurations
 + Level 2.9 Charms
 + Level 2.6 Summonings
 + Level 4.8 Ice Magic


You had 2 spell levels left.
You knew the following spells:

 Your Spells              Type           Power        Failure   Level  Hunger
a - Freeze                Ice            ###.         3%          1    None
b - Ozocubu's Armour      Chrm/Ice       ###.....     14%         3    ###....
c - Summon Ice Beast      Ice/Summ       ###.....     50%         4    ####...
d - Shock                 Conj/Air       #...         21%         1    None
e - Swiftness             Chrm/Air       #.......     21%         2    ##.....


Dungeon Overview and Level Annotations

Branches:
Dungeon (7/15)
 Temple: D:4-7

Altars:
Cheibriados
Qazlal
Ru
Trog
Vehumet
The Shining One

Annotations:
D:4 Paps's ghost, amateur DsFi
D:5 Menkaure


Innate Abilities, Weirdness & Mutations

You have razor-sharp teeth.
You have supernaturally acute eyesight. (SInv)
You can survive without breathing.


Message History

Press: ? - help, Shift-Dir - straight line, f/p - hippogriff
Aim: a hippogriff (severely wounded)
You freeze the hippogriff.
The hippogriff is severely wounded.
The hippogriff barely misses you. The hippogriff pecks you.
The hippogriff claws you.
* * * LOW HITPOINT WARNING * * *
Casting: Freeze
Confirm with . or Enter, or press ? or * to list all spells.
Aiming: Freeze
Press: ? - help, Shift-Dir - straight line, f/p - hippogriff
Aim: a hippogriff (severely wounded)
You freeze the hippogriff.
The hippogriff is almost dead.
The hippogriff bites you.
* * * LOW HITPOINT WARNING * * *
The hippogriff pecks you.
* * * LOW HITPOINT WARNING * * *
The hippogriff claws you.
You die...

######
#....###########
#.........#<...#
#....####.####.#
##....###.####.#
#.....##....#.#
#@##..#####.#.#
#H#...### #.#.#
........# #.#.#
#......#.# #.#.#
#......#.###.#.##
########........#
########
###...#..#
#......# ###.####
##......# #....#


You could see a hippogriff.

Vanquished Creatures
  A necrophage (D:7)
  2 centaurs
  A bullfrog (D:6)
  A scorpion (D:6)
  A howler monkey (D:4)
  A quasit (D:5)
  An orc priest (D:3)
  2 hounds
  2 orc wizards
  4 worker ants
  A killer bee zombie (D:6)
  A worker ant zombie (D:5)
  8 adders
  A shadow imp (D:6)
  An ooze (D:3)
  An adder skeleton (D:4)
  2 leopard geckos
  17 orcs
  3 ball pythons
  9 giant cockroaches
  11 hobgoblins
  A jackal (D:3)
  3 quokkas
  5 bats
  5 frilled lizards
  6 goblins
  5 kobolds
  A leopard gecko skeleton (D:5)
  A quokka skeleton (D:4)
  11 rats
109 creatures vanquished.

Notes
Turn   | Place    | Note
-------+----------+-------------------------------------------
     0 | D:1      | TryAgain the Vampire Ice Elementalist began the quest for the Orb.
     0 | D:1      | Reached XP level 1. HP: 13/13 MP: 3/3
   159 | D:1      | Reached XP level 2. HP: 19/19 MP: 5/5
   503 | D:1      | Reached skill level 4 in Stealth
   538 | D:1      | Reached XP level 3. HP: 22/24 MP: 3/6
  1407 | D:3      | Learned a level 3 spell: Ozocubu's Armour
  1473 | D:3      | Reached XP level 4. HP: 30/30 MP: 3/8
  1616 | D:3      | Noticed a water elemental
  1618 | D:3      | Found a stormy altar of Qazlal.
  1619 | D:3      | Noticed an air elemental
  1619 | D:3      | Noticed an earth elemental
  1619 | D:3      | Noticed a fire elemental
  1955 | D:3      | Reached skill level 5 in Stealth
  2202 | D:3      | Reached XP level 5. HP: 12/35 MP: 0/9
  2395 | D:3      | Found a bloodstained altar of Trog.
  2426 | D:3      | Found a sacrificial altar of Ru.
  2834 | D:4      | Learned a level 4 spell: Summon Ice Beast
  2872 | D:4      | Noticed Paps's ghost (amateur DsFi)
  2877 | D:4      | Got a fine rapier
  2999 | D:4      | Reached skill level 6 in Stealth
  3289 | D:4      | Noticed an ice beast
  3312 | D:4      | Reached XP level 6. HP: 41/41 MP: 10/10
  3435 | D:5      | Entered Level 5 of the Dungeon
  3448 | D:5      | Noticed Menkaure
  3701 | D:5      | Learned a level 1 spell: Shock
  3704 | D:5      | Learned a level 2 spell: Swiftness
  3744 | D:5      | Reached skill level 1 in Summonings
  3809 | D:5      | Noticed a slave
  3906 | D:5      | Found a snail-covered altar of Cheibriados.
  3928 | D:6      | Reached skill level 1 in Charms
  4194 | D:6      | Found a glowing golden altar of the Shining One.
  4194 | D:6      | Found a radiant altar of Vehumet.
  4198 | D:6      | Became a worshipper of Vehumet
  4273 | D:6      | Found a glowing golden altar of the Shining One.
  4282 | D:6      | Reached XP level 7. HP: 31/46 MP: 4/12
  4733 | D:6      | Noticed a hill giant
  4864 | D:7      | Reached skill level 7 in Stealth
  5014 | D:7      | Noticed a hippogriff
  5355 | D:7      | Noticed a hippogriff
  5456 | D:7      | Slain by a hippogriff

Skill      XL: |  1  2  3  4  5  6  7 |
---------------+----------------------+-----
Stealth        | 4 5 6 7 |  7.2
Dodging        | 3 4 |  4.4
Spellcasting   | 3 |  3.9
Summonings     | 1 2 |  2.6
Ice Magic      | 4 |  4.8
Charms         | 2 |  2.9
Conjurations   | |  0.6

Action                   |  1- 3 |  4- 6 |  7- 9 || total
-------------------------+-------+-------+-------++-------
Melee: Unarmed           |    40 |       |       ||    40
       Bite              |    13 |       |     3 ||    16
       Dagger            |    84 |       |       ||    84
       Whip              |     7 |    14 |       ||    21
       Trident           |       |    63 |    48 ||   111
 Cast: Freeze            |    35 |    86 |    33 ||   154
       Shock             |       |       |     2 ||     2
       Ozocubu's Armour  |       |       |     1 ||     1
  Use: Scroll            |       |    15 |     3 ||    18
       Potion            |       |       |     3 ||     3
 Stab: Sleeping          |    14 |    10 |     1 ||    25
       Distracted        |       |     1 |       ||     1
  Eat: Corpse            |    15 |    16 |     3 ||    34
Armor: Robe              |    31 |     2 |       ||    33
       Leather armour    |       |    16 |    21 ||    37
Dodge: Dodged            |   136 |    90 |    72 ||   298
